AoeStats
← 买彩票刮出欠条

Oasis

508201334Analyzed
3v3 RM · 12d ago on Sep 21, 2026· 16m 4s· 6 players
Game mode
Random Map
Map size
Normal (6 player)
Population
200
Speed
Normal
Resources
Standard
Victory
Conquest
Starting age
Dark Age
Ending age
Imperial Age
RankedLock teamsTeams togetherTeam positionsShared explorationLock speedFull tech treeHidden civsTurbo modeCheats
Victory
Defeat
🇩🇪 Magyars · Germany
1198
+19
🇯🇴 Malians · Jordan
1188
+20
🇩🇪 Vietnamese · Germany
1101
+23
🇨🇴 Britons · Colombia
1383
-26
🇨🇳 Wu · China
1332
-23
🇪🇸 Burmese · Spain
1085
-13
asdF
2:14 Loom
11:19 Feudal Age
13:00 Double-Bit Axe
13:51 Scale Barding Armor
14:22 Horse Collar
FBM
6:40 Loom
10:51 Feudal Age
14:06 Fletching
Prince Of The Darkness
11:22 Feudal Age
9:41 Loom
12:04 Feudal Age
16:42 Castle Age
14:38 Double-Bit Axe
15:10 Horse Collar
16:33 Stone Mining
LokillO!
8:20 Loom
10:10 Feudal Age
11:56 Wheelbarrow
买彩票刮出欠条
10:35 Feudal Age
9:54 Loom
14:19 Loom
14:21 Horse Collar
Mahore
10:19 Feudal Age
13:29 Loom
Connection lost

Rejoining the realm…

Still unreachable

The connection could not be restored.

Session expired

The server has moved on; the page needs a fresh start.